 Dungeon Crawl Stone Soup version 0.29.1-2-gbd0b4ee654 (webtiles) character file.

Game seed: 17303497961029993370

107 GorkyZ the Trooper (level 4, 0/29 HPs)
             Began as a Gargoyle Fighter on Nov 28, 2022.
             Slain by a gnoll
             ... wielding a +0 club
              (4 damage)
             ... on level 3 of the Dungeon.
             The game lasted 00:03:54 (1735 turns).

GorkyZ the Trooper (Gargoyle Fighter)               Turns: 1735, Time: 00:03:55

Health: 0/29       AC: 10    Str: 21    XL:     4   Next: 86%
Magic:  4/4        EV:  9    Int:  9    God:
Gold:   108        SH:  4    Dex:  9    Spells: 3/3 levels left

rFire   . . .      SeeInvis .   o - +0 dagger (venom)
rCold   . . .      Faith    .   c - +0 buckler
rNeg    + . .      Spirit   .   b - +0 scale mail
rPois   ∞          Reflect  .   (no helmet)
rElec   +          Harm     .   (no cloak)
rCorr   .          Rampage  .   (no gloves)
Will    .....                   (no boots)
Stlth   ..........              (no amulet)
HPRegen 0.09/turn               (no ring)
MPRegen 0.09/turn               (no ring)

@: no status effects
A: sickness immunity, AC +3, negative energy resistance 1, electricity
resistance, torment resistance 1, petrification resistance
a: no special abilities


You were on level 3 of the Dungeon.
You visited 1 branch of the dungeon, and saw 3 of its levels.

You collected 108 gold pieces.

Inventory:

Hand Weapons
 a - a +0 war axe
 o - a +0 dagger of venom (weapon)
Missiles
 h - 4 atropa-tipped darts (quivered)
Armour
 b - a +0 scale mail (worn)
 c - a +0 buckler (worn)
Wands
 n - a wand of flame (15)
Scrolls
 e - 5 scrolls of identify {unknown}
 g - a scroll of noise {unknown}
 i - a scroll of teleportation {unknown}
 k - a scroll of acquirement {unknown}
 q - a scroll of amnesia {unknown}
 r - a scroll of fog {unknown}
 s - a scroll of silence {unknown}
 t - a scroll of magic mapping {unknown}
 u - a scroll of immolation {unknown}
Potions
 d - a potion of might
 f - 2 potions of lignification {unknown}
 j - 2 potions of cancellation {unknown}
 l - a potion of heal wounds {unknown}
 m - 2 potions of attraction {unknown}
 p - 3 potions of flight {unknown}


   Skills:
 + Level 3.7 Fighting
 + Level 2.4 Axes
 + Level 1.0 Throwing
 + Level 3.7 Armour
 + Level 0.9 Dodging
 + Level 3.7 Shields
 + Level 1.3 Evocations


You had 3 spell levels left.
You didn't know any spells.
Your spell library contained the following spells:

 Spells                   Type           Power      Damage    Failure   Level
 Foxfire                  Conj/Fire      0%         2x1d4     82%         1
 Confusing Touch          Hex            0%         N/A       99%         3
 Conjure Flame            Conj/Fire      0%         6-21      99%         3
 Inner Flame              Hex/Fire       0%         N/A       99%         3
 Stone Arrow              Conj/Erth      0%         3d7       99%         3
 Animate Armour           Summ/Erth      0%         N/A       100%        4
 Flame Wave               Conj/Fire      0%         2d4       100%        4
 Yara's Violent Unravell  Hex/Tmut       0%         3d3       100%        5
 Enfeeble                 Hex            0%         N/A       100%        7
 Lehudib's Crystal Spear  Conj/Erth      0%         10d2      100%        8


Dungeon Overview and Level Annotations

Branches:
Dungeon (3/15)

Altars:
Wu Jian


Innate Abilities, Weirdness & Mutations

You are immune to sickness and miasma.
Your stone body is resilient. (AC +3)
You are immune to poison.
You resist negative energy. (rN+)
You are resistant to electric shocks. (rElec)
You are resistant to unholy torment.
You are immune to petrification.


Message History

The gnoll attacks as you move away! The gnoll hits you with a +0 flail.
You hit the gnoll but do no damage.
The gnoll is heavily wounded.
The gnoll hits you with a +0 flail.
* * * LOW HITPOINT WARNING * * *
You hit the gnoll.
You kill the gnoll!
Your Throwing skill increases to level 1!
You barely miss the gnoll. The gnoll hits you but does no damage.
You hit the gnoll but do no damage. You block the gnoll's attack.
You hit the gnoll.
The gnoll is poisoned.
The gnoll is moderately wounded.
The gnoll hits you but does no damage.
You barely miss the gnoll.
The gnoll is moderately wounded.
The gnoll hits you but does no damage.
You barely miss the gnoll.
The gnoll is heavily wounded.
The gnoll hits you but does no damage.
You barely miss the gnoll.
The gnoll is severely wounded.
The gnoll hits you but does no damage.
You barely miss the gnoll.
The gnoll is almost dead.
You kill the gnoll!
You hit the gnoll.
The gnoll is poisoned.
The gnoll is lightly wounded.
The gnoll hits you but does no damage.
You completely miss the gnoll.
The gnoll is lightly wounded.
The gnoll hits you with a +0 club.
* * * LOW HITPOINT WARNING * * *
You hit the gnoll but do no damage.
The gnoll looks as sick as possible!
The gnoll is moderately wounded.
The gnoll barely misses you. The gnoll hits you with a +0 club.
* * * LOW HITPOINT WARNING * * *
You hit the gnoll.
The gnoll looks as sick as possible!
The gnoll is moderately wounded.
The gnoll hits you with a +0 club.
You die...

#+# #.# #.#
#.#####.######
#...>........####
#####...........+
#@#######.### #g#
###..## #.# #.....#
.!........# #...#.#
..........###...#.#
...)....!.+.^...#.#####
g.........###.........#
..........# ##'#......#
..........# #.#......#


You could see a gnoll (extremely poisoned).

Vanquished Creatures
  Robin (D:2)
  An adder (D:2)
  3 gnolls
  3 ball pythons
  2 endoplasms
  A giant cockroach (D:1)
  9 goblins
  10 hobgoblins
  10 jackals
  4 bats
  3 frilled lizards
  2 kobolds
  4 rats
53 creatures vanquished.

Notes
Turn   | Place    | Note
-------+----------+-------------------------------------------
     0 | D:1      | GorkyZ the Gargoyle Fighter began the quest for the Orb.
     0 | D:1      | Reached XP level 1. HP: 14/14 MP: 1/1
    63 | D:1      | Reached XP level 2. HP: 13/19 MP: 2/2
   475 | D:1      | Reached XP level 3. HP: 19/23 MP: 3/3
   876 | D:2      | Found a faded altar of an unknown god.
   951 | D:2      | Reached XP level 4. HP: 22/29 MP: 4/4
  1059 | D:2      | Noticed Robin
  1068 | D:2      | Reached skill level 1 in Evocations
  1076 | D:2      | Killed Robin
  1254 | D:2      | Found an ornate altar of the Wu Jian Council.
  1725 | D:3      | Reached skill level 1 in Throwing
  1735 | D:3      | Slain by a gnoll

Illustrated notes

Levels and vault maps discovered:
D:1:      enne_arrival_octagon_isle, layout_rooms
D:2:      layout_basic, basic_altar, hellmonk_ecumenical_altar_dog_temple,
          uniq_robin
D:3:      layout_basic, mainiacjoe_overflow_cross_hatched, uniq_natasha

Skill      XL: |  1  2  3  4 |
---------------+-------------+-----
Axes           | 2 |  2.4
Evocations     | 1 |  1.3
Throwing       | 1 |  1.0
Fighting       | |  3.7
Armour         | |  3.7
Dodging        | |  0.9
Shields        | |  3.7

Action                   |  1- 3 |  4- 6 || total
-------------------------+-------+-------++-------
Melee: War axe           |    82 |    30 ||   112
       Dagger            |       |    16 ||    16
Armor: Scale mail        |    57 |    26 ||    83
Dodge: Dodged            |    79 |    17 ||    96
Block: Buckler           |    22 |     6 ||    28
